 Dungeon Crawl Stone Soup version 0.21-a0-314-gb3271ec (webtiles) character file.

78 tidbits the Skirmisher (level 4, -3/41 HPs)
             Began as a Gnoll Wanderer on Sept 29, 2017.
             Slain by a gnoll
             ... wielding a +0 flail
              (9 damage)
             ... on level 3 of the Dungeon.
             The game lasted 00:05:28 (873 turns).

tidbits the Skirmisher (Gnoll Wanderer)              Turns: 873, Time: 00:05:29

Health: -3/41      AC:  7    Str: 14    XL:     4   Next: 36%
Magic:  5/5        EV:  9    Int: 15    God:
Gold:   88         SH:  0    Dex: 15    Spells: 5/5 levels left

rFire    . . .     SeeInvis +   c - +0 spear
rCold    . . .     Gourm    .   (no shield)
rNeg     . . .     Faith    +   B - +0 scale mail
rPois    .         Spirit   .   (no helmet)
rElec    .         Reflect  .   (no cloak)
rCorr    .         Harm     .   (no gloves)
MR       .....                  (no boots)
Stlth    +.........             k - amulet of faith
HPRegen  0.13/turn              d - ring of see invisible
MPRegen  0.09/turn              (no ring)

@: no status effects
A: distributed training, fangs 1, strong nose
a: no special abilities


You were on level 3 of the Dungeon.
You were not hungry.

You visited 1 branch of the dungeon, and saw 3 of its levels.

You collected 88 gold pieces.

Inventory:

Hand Weapons
 c - a +0 spear (weapon)
 e - a +0 dagger
 h - a +0 morningstar
Armour
 i - a +0 robe
 B - a +0 scale mail (worn)
Jewellery
 d - a ring of see invisible (left hand)
   (You found it on level 1 of the Dungeon)
 k - an amulet of faith (around neck)
   (You found it on level 1 of the Dungeon)
Wands
 a - a wand of confusion (9/48)
Scrolls
 b - a scroll of teleportation
 m - 2 scrolls of blinking {unknown}
 n - a scroll of recharging {unknown}
Potions
 g - 4 potions of mutation {unknown}
 j - a potion of degeneration {unknown}
 l - a potion of heal wounds {unknown}
Comestibles
 f - 2 bread rations
 o - 2 fruits
 p - 3 chunks of flesh


   Skills:
 + Level 6.6 Fighting
 + Level 2.0 Short Blades
 + Level 0.8 Long Blades
 + Level 1.3 Axes
 + Level 0.8 Maces & Flails
 + Level 2.6 Polearms
 + Level 1.3 Staves
 + Level 2.0 Slings
 + Level 0.0 Bows
 + Level 1.3 Crossbows
 + Level 0.8 Throwing
 + Level 6.5 Armour
 + Level 0.0 Dodging
 + Level 4.0 Stealth
   Level 0.0 Stabbing
 + Level 1.7 Shields
   Level 0.0 Traps
 + Level 0.0 Unarmed Combat
 + Level 1.3 Spellcasting
 + Level 0.0 Conjurations
 + Level 0.8 Hexes
 + Level 1.3 Charms
 + Level 1.3 Summonings
 + Level 0.8 Necromancy
 + Level 0.8 Translocations
 + Level 1.3 Transmutations
 + Level 0.0 Fire Magic
 + Level 0.0 Ice Magic
 + Level 1.3 Air Magic
 + Level 1.3 Earth Magic
 + Level 1.7 Poison Magic
 + Level 0.8 Invocations
 + Level 2.6 Evocations


You had 5 spell levels left.
You didn't know any spells.

Dungeon Overview and Level Annotations

Branches:
Dungeon (3/15)

Altars:


Innate Abilities, Weirdness & Mutations

Your experience applies equally to all skills.
You have very sharp teeth.
Your uncanny sense of smell can sniff out nearby items.


Message History

This wand has 12 charges left.
The gnoll closely misses you.
Attack whom?
Press: ? - help, Dir - move target cursor, f/p - gnoll
Aim: a gnoll, wielding a spear You reach to attack!
You closely miss the gnoll. The gnoll barely misses you.
Attack whom?
Press: ? - help, Dir - move target cursor, f/p - gnoll
Aim: a gnoll, wielding a spear You reach to attack!
You hit the gnoll.
The gnoll is heavily wounded.
The gnoll hits you from afar with a spear.
* * * LOW HITPOINT WARNING * * *
Attack whom?
Press: ? - help, Dir - move target cursor, f/p - gnoll
Aim: a gnoll, wielding a spear (heavily wounded)
You reach to attack!
You hit the gnoll but do no damage.
The gnoll is heavily wounded.
The gnoll hits you from afar with a spear.
* * * LOW HITPOINT WARNING * * *
Attack whom?
Press: ? - help, Dir - move target cursor, f/p - gnoll
Aim: a gnoll, wielding a spear (heavily wounded)
You reach to attack!
You barely miss the gnoll.
The gnoll is heavily wounded.
The gnoll barely misses you.
Attack whom?
Press: ? - help, Dir - move target cursor, f/p - gnoll
Aim: a gnoll, wielding a spear (heavily wounded)
Okay, then.
Evoke which item? (* to show all) (? for menu, Esc to quit)
Aiming: Confuse
Press: ? - help, Shift-Dir - straight line, f/p - gnoll
Aim: a gnoll, wielding a spear (heavily wounded, chance to defeat MR: 62%)
The gnoll resists with significant effort.
This wand has 11 charges left.
The gnoll closely misses you.
Evoke which item? (* to show all) (? for menu, Esc to quit)
Aiming: Confuse
Press: ? - help, Shift-Dir - straight line, f/p - gnoll
Aim: a gnoll, wielding a spear (heavily wounded, chance to defeat MR: 62%)
The gnoll resists with significant effort.
This wand has 10 charges left.
The gnoll barely misses you.
Evoke which item? (* to show all) (? for menu, Esc to quit)
Aiming: Confuse
Press: ? - help, Shift-Dir - straight line, f/p - gnoll
Aim: a gnoll, wielding a spear (heavily wounded, chance to defeat MR: 62%)
The gnoll appears confused.
This wand has 9 charges left.
You are too injured to fight recklessly!
You are too injured to fight recklessly!
You are too injured to fight recklessly!
You are too injured to fight recklessly!
Attack whom?
Press: ? - help, Dir - move target cursor, f/p - gnoll
Aim: a gnoll, wielding a spear (heavily wounded, confused)
You reach to attack!
You hit the gnoll.
The gnoll is severely wounded.
Attack whom?
Press: ? - help, Dir - move target cursor, f/p - gnoll
Aim: a gnoll, wielding a spear (severely wounded, confused)
You reach to attack!
You hit the gnoll.
You kill the gnoll!
Your Short Blades skill increases to level 2!
Your Summonings skill increases to level 1!
Things that are here:
a hand axe; a ring mail; an orc corpse
Things that are here:
a spear; a gnoll corpse You butcher the gnoll corpse.
p - 3 chunks of flesh You see here a spear.
There is a stone staircase leading down here.
You climb downwards.
The gnoll completely misses you.
There is a stone staircase leading up here.
You are too injured to fight recklessly!
You are too injured to fight recklessly!
You are too injured to fight recklessly!
You are too injured to fight recklessly!
Attack whom?
Press: ? - help, Dir - move target cursor, f - gnoll
Aim: a gnoll, wielding a flail You hit the gnoll but do no damage.
The gnoll hits you with a flail.
* * * LOW HITPOINT WARNING * * *
Attack whom?
Press: ? - help, Dir - move target cursor, f/p - gnoll
Aim: a gnoll, wielding a flail You hit the gnoll.
Your bite misses the gnoll.
The gnoll is moderately wounded.
The gnoll hits you with a flail.
* * * LOW HITPOINT WARNING * * *
Attack whom?
Press: ? - help, Dir - move target cursor, f/p - gnoll
Aim: a gnoll, wielding a flail (lightly wounded)
You completely miss the gnoll. You bite the gnoll, but do no damage.
The gnoll is lightly wounded.
Attack whom?
Press: ? - help, Dir - move target cursor, f/p - gnoll
Aim: a gnoll, wielding a flail (lightly wounded)
You hit the gnoll.
The gnoll is moderately wounded.
The gnoll hits you with a flail!
You die...

##.##o#####.##
#.....#
...##.#
#..#########
.####.. ##..#
## ##..
##.###### #.#
#......# .#
##.....# .#
#.....#
#.....#
#..@..#
#...g.#
#.....#
#..>..#
#.....#
#######


You could see a gnoll.

Vanquished Creatures
  A gnoll (D:2)
  2 dart slugs (D:1)
  2 leopard geckos
  6 orcs
  5 giant cockroaches
  6 goblins
  7 hobgoblins
  A jackal (D:1)
  7 kobolds
  A ball python (D:3)
  6 bats
  2 frilled lizards
  8 rats
54 creatures vanquished.

Notes
Turn   | Place    | Note
-------+----------+-------------------------------------------
     0 | D:1      | tidbits the Gnoll Wanderer began the quest for the Orb.
     0 | D:1      | tidbits set off with: a wand of confusion (15/48), a +0 spear, a scroll of teleportation, a +0 robe, a +0 dagger, a bread ration
     0 | D:1      | Reached XP level 1. HP: 23/23 MP: 2/2
    96 | D:1      | Reached skill level 1 in Spellcasting
   147 | D:1      | Reached XP level 2. HP: 25/29 MP: 3/3
   172 | D:1      | Reached skill level 1 in Slings
   257 | D:2      | Reached skill level 1 in Short Blades
   274 | D:1      | Reached skill level 1 in Transmutations
   297 | D:1      | Reached XP level 3. HP: 22/35 MP: 4/4
   315 | D:1      | Reached skill level 1 in Shields
   318 | D:1      | Reached skill level 1 in Staves
   371 | D:1      | Reached skill level 1 in Charms
   593 | D:3      | Reached skill level 1 in Crossbows
   641 | D:3      | Reached skill level 1 in Earth Magic
   655 | D:3      | Reached skill level 2 in Slings
   676 | D:3      | Reached skill level 1 in Poison Magic
   679 | D:3      | Reached XP level 4. HP: 24/41 MP: 5/5
   689 | D:3      | Reached skill level 1 in Axes
   696 | D:3      | HP: 4/41 [gnoll/spear (6)]
   711 | D:2      | HP: 4/41 [orc/mace (2)]
   758 | D:2      | Reached skill level 1 in Air Magic
   855 | D:2      | Reached skill level 2 in Short Blades
   855 | D:2      | Reached skill level 1 in Summonings
   873 | D:3      | Slain by a gnoll

Vault maps used:
D:1:      dpeg_cavernosity
D:2:      first_bread
D:3:      uniq_sigmund

Skill      XL: |  1  2  3  4 |
---------------+-------------+-----
Spellcasting   | 1 |  1.3
Slings         | 1 2 |  2.0
Short Blades   | 1 2 |  2.0
Transmutations | 1 |  1.3
Shields        | 1 |  1.7
Staves         | 1 |  1.3
Charms         | 1 |  1.3
Crossbows      | 1 |  1.3
Earth Magic    | 1 |  1.3
Poison Magic   | 1 |  1.7
Axes           | 1 |  1.3
Air Magic      | 1 |  1.3
Summonings     | 1 |  1.3
Fighting       | |  6.6
Long Blades    | |  0.8
Maces & Flails | |  0.8
Polearms       | |  2.6
Throwing       | |  0.8
Armour         | |  6.5
Stealth        | |  4.0
Hexes          | |  0.8
Necromancy     | |  0.8
Translocations | |  0.8
Invocations    | |  0.8
Evocations     | |  2.6

Action                   |  1- 3 |  4- 6 || total
-------------------------+-------+-------++-------
Melee: Spear             |   183 |    32 ||   215
       Bite              |    15 |     6 ||    21
Evoke: Wand              |       |     6 ||     6
 Stab: Sleeping          |     3 |       ||     3
Armor: Robe              |     7 |       ||     7
       Scale mail        |    66 |    11 ||    77
Dodge: Dodged            |    87 |    16 ||   103

Table legend:
 A = Spawn XP
 B = Non-spawn XP
 C = Spawn XP percentage of total XP
 D = Spawn monster count
 E = Non-spawn monster count
 F = Spawn count percentage of total count
 G = Total turns spent on level
                    A         B        C        D         E        F      G
               +---------+---------+-------+---------+---------+-------+---------
         Total |       0 |     112 |   0.0 |       0 |      54 |   0.0 |   873
               +---------+---------+-------+---------+---------+-------+---------
           D:1 |       0 |      48 |   0.0 |       0 |      27 |   0.0 |   424
           D:2 |       0 |      42 |   0.0 |       0 |      15 |   0.0 |   288
           D:3 |       0 |      22 |   0.0 |       0 |      12 |   0.0 |   161
               +---------+---------+-------+---------+---------+-------+---------

Table legend:
 A = Turns spent in this place as a percentage of turns spent in the entire game.
 B = Non-inter-level travel turns spent in this place as a percentage of non-inter-level travel turns spent in the entire game.
 C = Inter-level travel turns spent in this place as a percentage of turns spent in this place.
 D = Turns resting spent in this place as a percentage of non-inter-level travel turns spent in this place.
 E = Turns spent auto-exploring this place as a percentage of non-inter-level travel turns spent in this place.
 F = Non-inter-level travel turns spent in this place divided by the number of levels of this place that you've seen.
                   A       B       C       D       E      F
               +-------+-------+-------+-------+-------+----------------------
         Total | 100.0 | 100.0 |   1.1 |   0.0 |   0.0 | 287.7
       Dungeon | 100.0 | 100.0 |   1.1 |   0.0 |   0.0 | 287.7
               +-------+-------+-------+-------+-------+----------------------

Table legend:
 A = Kills in this place as a percentage of kills in entire the game.
 B = Kills by you in this place as a percentage of kills by you in the entire game.
 C = Kills by friends in this place as a percentage of kills by friends in the entire game.
 D = Other kills in this place as a percentage of other kills in the entire game.
 E = Experience gained in this place as a percentage of experience gained in the entire game.
 F = Experience gained in this place divided by the number of levels of this place that you have seen.
                   A       B       C       D       E      F
               +-------+-------+-------+-------+-------+----------------------
         Total | 100.0 | 100.0 |   N/A | 100.0 | 100.0 |  37.3
       Dungeon | 100.0 | 100.0 |   N/A | 100.0 | 100.0 |  37.3
               +-------+-------+-------+-------+-------+----------------------

Vault maps used:
D:1:      dpeg_cavernosity
D:2:      first_bread
D:3:      uniq_sigmund
